 Dungeon Sprint DCSS version 0.21.0-24-g2553a33 (webtiles) character file.

19575 letownia2 the Brawler (level 12, -9/132 HPs)
             Began as a Troll Wizard on Jan 20, 2018.
             Was an Initiate of Gozag.
             Shot with an arrow by a deep elf master archer (34 damage)
             ... in the Dungeon (Sprint III: "The Ten Rune Challenge").
             The game lasted 00:20:51 (3492 turns).

letownia2 the Brawler (Troll Wizard)                Turns: 3492, Time: 00:20:51

Health: -9/132     AC:  5    Str: 19    XL:     12   Next: 37%
Magic:  18/18      EV: 12    Int: 17    God:    Gozag
Gold:   613        SH: 11    Dex:  8    Spells: 11/20 levels left

rFire    . . .     SeeInvis .     - Unarmed
rCold    . . .     Gourm    +   v - +0 shield {reflect}
rNeg     . . .     Faith    .   a - +0 robe
rPois    .         Spirit   .   b - +0 hat
rElec    .         Reflect  +   (no cloak)
rCorr    .         Harm     .   (gloves unavailable)
MR       .....     NoTele   +   (boots unavailable)
Stlth    +.........             (no amulet)
HPRegen  0.72/turn              (no ring)
MPRegen  0.16/turn              (no ring)

@: gold aura, flying, very slightly contaminated, invisible (expiring)
A: large, unfitting armour, claws 3, fast metabolism 3, gourmand, regeneration
1, shaggy fur 1, tough skin 2
a: Potion Petition, Call Merchant, Bribe Branch, Renounce Religion


You were in the Dungeon.
You worshipped Gozag.
Gozag was pleased with you.
You were not hungry.

You visited 1 branch You collected 9472 gold pieces.
You spent 894 gold pieces at shops.
You paid 7965 gold pieces to Gozag.

Inventory:

Hand Weapons
 c - a +0 blowgun
 i - a +2 demon trident of venom
 s - a +0 arbalest
Missiles
 t - 26 bolts
 u - 7 curare-tipped needles
Armour
 a - a +0 robe (worn)
 b - a +0 hat (worn)
 v - a +0 shield of reflection (worn)
Magical Staves
 x - an uncursed staff of death
Wands
 w - a wand of flame (31)
 z - a wand of acid (13)
Scrolls
 j - a scroll of blinking
 k - 2 scrolls of torment {unknown}
 l - 2 scrolls of identify
 m - a scroll of enchant weapon {unknown}
 o - 2 scrolls of remove curse
Potions
 e - 2 potions of curing
 f - a potion of heal wounds
 h - 2 potions of magic
 n - a potion of flight
 q - 6 potions of mutation
Books
 d - a book of Minor Magic

   Spells                             Type                      Level
   a - Magic Dart                     Conjuration                  1
   b - Blink                          Translocation                2
   c - Call Imp                       Summoning                    2
   d - Slow                           Hexes                        2
   e - Conjure Flame                  Conjuration/Fire             3
   f - Mephitic Cloud                 Conjuration/Poison/Air       3
 y - the Catalogue of Air and Transmutation
   (You found it in the Dungeon)

   Spells                             Type                      Level
   a - Ice Form                       Ice/Transmutation            4
   b - Irradiate                      Conjuration/Transmutation    5
   c - Silence                        Hexes/Air                    5
   d - Deflect Missiles               Charms/Air                   6
Miscellaneous
 r - a fan of gales
Comestibles
 g - 14 rations


   Skills:
 - Level 12.2 Fighting
 - Level 6.7 Dodging
 - Level 1.0 Stealth
 - Level 9.9 Shields
 + Level 20.3 Unarmed Combat
 - Level 4.8 Spellcasting
 - Level 4.5 Conjurations
   Level 0.6 Summonings
 - Level 1.2 Translocations
 - Level 3.1 Fire Magic
 - Level 4.0 Air Magic
 - Level 4.4 Poison Magic


You had 11 spell levels left.
You knew the following spells:

 Your Spells              Type           Power        Failure   Level  Hunger
a - Magic Dart            Conj           ###.         2%          1    None
b - Blink                 Tloc           N/A          13%         2    #......
c - Conjure Flame         Conj/Fire      ###.....     9%          3    ###....
e - Mephitic Cloud        Conj/Pois/Air  ###.....     8%          3    ###....


Dungeon Overview and Level Annotations

Branches:
Dungeon (1/1)

Altars:
Cheibriados
Dithmenos
Elyvilon
Fedhas
Gozag
Hepliaklqana
Kikubaaqudgha
Makhleb
Nemelex Xobeh
Okawaru
Qazlal
Ru
Sif Muna
Trog
Uskayaw
Vehumet
Wu Jian
Xom
Yredelemnul
Zin
The Shining One
Beogh
Jiyva
Lugonu

Shops:
D ::}*=[[%:}([![=**(?%

Annotations:
D exclusions: orange crystal statue and 2 statues


Innate Abilities, Weirdness & Mutations

You are too large for most types of armour.
You have claws for hands.
Your metabolism is lightning-fast.
You like to eat raw meat.
Your natural rate of healing is unusually fast.
You are covered in fur. (AC +1)
You have very tough skin. (AC +2)


Message History

The Tzitzimitl is distracted by the nearby gold.
The deep elf master archer shoots an arrow.
The shadow demon gestures.
The deep elf demonologist casts a spell.
You barely miss the deep elf death mage.
The deep elf death mage is severely wounded.
The deep elf master archer shoots an arrow.
You block the sun demon's attack.
The shadow demon gestures.
The deep elf death mage points at you and mumbles some strange words.
The bolt of negative energy hits you!
You feel drained.
* * * LOW HITPOINT WARNING * * *
Unknown command.
You mangle the deep elf death mage!!
You kill the deep elf death mage!
Your life force feels restored.
The deep elf master archer shoots an arrow.
The arrow hits you!!
You die...
Your body crumbles into a pile of gold.

▓▓▓▓▓▓▓
#.#.#.#################
#..##.∩[.#...##..4.'r..
.......#)#...##≈≈3≈##23# $
[....###.#...≈≈≈@$((ee2. $
$$ ......##.#...##≈≈1≈##e.#
$ $ #...####.'...##.ee.'22.
$$ ....#$$################
$ #########################
§§'§#.(...'.#.#.#.'...≈≈# $
§§#§#.#...##.#.#.##...≈≈###
§§#.#.#().#.#.#.#.#...≈≈≈≈#
§§#...#...##.#.#.##...≈≈≈≈#


You could see a Tzitzimitl, a hell beast, a balrug, a deep elf master archer, a
sun demon, a shadow demon, 4 deep elf demonologists, a rust devil, a smoke demon
(wandering), a tormentor (wandering) and a rat (wandering).

Vanquished Creatures
  Dowan (D)
  A deep elf death mage (D)
  Snorg (D)
  A great orb of eyes (shapeshifter) (D)
  A deep elf high priest (D)
  2 centaur warriors (D)
  A deep elf knight (D)
  An unseen horror (D)
  4 orc knights (D)
  5 deep elf magi (D)
  An ugly thing (D)
  4 crystal guardians (D)
  Duvessa (D)
  2 spiny frogs (D)
  A komodo dragon (D)
  A queen bee (D)
  4 spriggan defenders (D)
  An orc high priest (D)
  A slime creature (D)
  A shadow (D)
  A spatial vortex (D)
  3 wandering mushrooms (D)
  2 orc warriors (D)
  A necrophage (D)
  2 centaurs (D)
  An earth elemental (D)
  A water elemental (D)
  30 killer bees (D)
  A wizard (D)
  A jelly (D)
  4 orc priests (D)
  Jessica (D)
  3 orc wizards (D)
  A necromancer (D)
  3 humans (D)
  A kobold demonologist (D)
  An ooze (D)
  A phantom (D)
  8 orcs (D)
  2 rats (D)
  A plant (D)
104 creatures vanquished.

Vanquished Creatures (collateral kills)
  2 killer bees (D)
2 creatures vanquished.

Vanquished Creatures (others)
  2 draconian scorchers (D)
  4 dancing weapons (D)
  6 hellions (D)
  A yaktaur (D)
  4 plants (D)
17 creatures vanquished.

Grand Total: 123 creatures vanquished

Notes
Turn   | Place    | Note
-------+----------+-------------------------------------------
     0 | D        | letownia2 the Troll Wizard began the quest for the Orb.
     0 | D        | Reached XP level 1. HP: 16/16 MP: 2/2
     3 | D        | Reached skill level 1 in Unarmed Combat
     7 | D        | Reached skill level 3 in Unarmed Combat
    11 | D        | Noticed Jessica
    15 | D        | Killed Jessica
    15 | D        | Reached skill level 6 in Unarmed Combat
    15 | D        | Reached XP level 2. HP: 21/24 MP: 4/4
    15 | D        | Reached XP level 3. HP: 28/31 MP: 5/5
    37 | D        | Learned a level 3 spell: Mephitic Cloud
    99 | D        | Killed a hellion
   118 | D        | Killed a hellion
   139 | D        | Killed a hellion
   140 | D        | Reached skill level 1 in Conjurations
   140 | D        | Reached skill level 1 in Air Magic
   140 | D        | Reached skill level 1 in Poison Magic
   141 | D        | Killed a hellion
   142 | D        | Killed a hellion
   143 | D        | Killed a hellion
   170 | D        | Noticed a water elemental
   175 | D        | Killed a white draconian scorcher
   176 | D        | Killed a water elemental
   176 | D        | Reached XP level 4. HP: 39/39 MP: 6/6
   220 | D        | Learned a level 3 spell: Conjure Flame
   223 | D        | Found a glowing silver altar of Zin.
   223 | D        | Found a glowing golden altar of the Shining One.
   223 | D        | Found a white marble altar of Elyvilon.
   224 | D        | Noticed a deep elf mage
   234 | D        | Killed a deep elf mage
   234 | D        | Reached skill level 7 in Unarmed Combat
   234 | D        | Reached XP level 5. HP: 53/53 MP: 3/9
   234 | D        | Reached XP level 6. HP: 61/61 MP: 3/10
   234 | D        | Reached XP level 7. HP: 67/67 MP: 3/11
   244 | D        | Learned a level 2 spell: Blink
   265 | D        | Reached skill level 1 in Translocations
   290 | D        | Noticed a shadow
   303 | D        | Killed a shadow
   303 | D        | Reached skill level 9 in Unarmed Combat
   337 | D        | Found a blossoming altar of Fedhas.
   337 | D        | Found a stormy altar of Qazlal.
   337 | D        | Found a snail-covered altar of Cheibriados.
   337 | D        | Found a burning altar of Makhleb.
   337 | D        | Found a shimmering altar of Xom.
   338 | D        | Found a hazy altar of Hepliaklqana.
   338 | D        | Found an opulent altar of Gozag.
   338 | D        | Found a sparkling altar of Nemelex Xobeh.
   338 | D        | Found a corrupted altar of Lugonu.
   338 | D        | Found a viscous altar of Jiyva.
   338 | D        | Noticed a spatial vortex
   348 | D        | Killed a spatial vortex
   348 | D        | Reached skill level 10 in Unarmed Combat
   349 | D        | Became a worshipper of Gozag Ym Sagoz the Greedy
   363 | D        | Killed a white draconian scorcher
   402 | D        | Found a radiant altar of Vehumet.
   404 | D        | Found a deep blue altar of Sif Muna.
   404 | D        | Found an ancient bone altar of Kikubaaqudgha.
   427 | D        | Found a hide-covered altar of Uskayaw.
   427 | D        | Found a roughly hewn altar of Beogh.
   427 | D        | Found an iron altar of Okawaru.
   427 | D        | Found a bloodstained altar of Trog.
   427 | D        | Found an ornate altar of the Wu Jian Council.
   427 | D        | Noticed a human
   429 | D        | Noticed a human
   436 | D        | Killed a human
   436 | D        | Reached skill level 11 in Unarmed Combat
   436 | D        | Reached XP level 8. HP: 50/75 MP: 5/13
   483 | D        | Found a basalt altar of Yredelemnul.
   483 | D        | Found a shadowy altar of Dithmenos.
   483 | D        | Found a sacrificial altar of Ru.
   504 | D        | Noticed Snorg
   533 | D        | Killed a yaktaur
   572 | D        | Killed Snorg
   572 | D        | Reached skill level 13 in Unarmed Combat
   593 | D        | Found Satos's Book Emporium.
   594 | D        | Noticed an orc knight
   594 | D        | Noticed an orc knight
   633 | D        | Killed an orc knight
   633 | D        | Reached skill level 5 in Fighting
   633 | D        | Reached skill level 14 in Unarmed Combat
   633 | D        | Reached XP level 9. HP: 68/88 MP: 4/15
   682 | D        | Noticed an orc knight
   708 | D        | Killed an orc knight
   708 | D        | Reached skill level 15 in Unarmed Combat
   911 | D        | Killed an orc knight
   938 | D        | Noticed an orc knight
   992 | D        | Killed an orc knight
   992 | D        | Reached XP level 10. HP: 41/105 MP: 8/16
  1195 | D        | Noticed a deep elf mage
  1195 | D        | Noticed a deep elf knight
  1195 | D        | Noticed a deep elf mage
  1195 | D        | Noticed a deep elf mage
  1195 | D        | Noticed a deep elf mage
  1207 | D        | Killed a deep elf knight
  1207 | D        | Reached skill level 16 in Unarmed Combat
  1211 | D        | Killed a deep elf mage
  1214 | D        | Killed a deep elf mage
  1220 | D        | Killed a deep elf mage
  1220 | D        | Reached skill level 10 in Fighting
  1243 | D        | Killed a deep elf mage
  1243 | D        | Reached skill level 17 in Unarmed Combat
  1299 | D        | Noticed a deep elf demonologist
  1423 | D        | Noticed a centaur warrior
  1431 | D        | Killed a centaur warrior
  1549 | D        | Killed an unseen horror
  1842 | D        | Reached XP level 11. HP: 88/120 MP: 17/17
  1891 | D        | Reached skill level 18 in Unarmed Combat
  2040 | D        | Noticed Dowan
  2040 | D        | Noticed Duvessa
  2052 | D        | Killed Dowan
  2066 | D        | Killed Duvessa
  2162 | D        | Noticed a yaktaur captain
  2163 | D        | Noticed a yaktaur captain
  2330 | D        | Noticed an orange crystal statue
  2369 | D        | Bought a +0 shield of reflection for 119 gold pieces
  2413 | D        | Noticed a wolf spider
  2415 | D        | Noticed a great orb of eyes
  2415 | D        | a wolf spider changed into a great orb of eyes
  2420 | D        | Killed a great orb of eyes
  2456 | D        | Noticed a red ugly thing
  2468 | D        | Killed a red ugly thing
  2468 | D        | Reached skill level 5 in Shields
  2557 | D        | Bought a ration for 55 gold pieces
  2557 | D        | Bought a ration for 55 gold pieces
  2557 | D        | Bought a ration for 55 gold pieces
  2620 | D        | Noticed a centaur warrior
  2629 | D        | Killed a centaur warrior
  2684 | D        | Identified the Catalogue of Air and Transmutation
  2691 | D        | Noticed a fire dragon
  2696 | D        | Noticed a flail of crushing
  2696 | D        | Noticed a dire flail of draining
  2696 | D        | Noticed a trident of venom
  2699 | D        | Killed a flail of crushing
  2700 | D        | Noticed a battleaxe of flaming
  2700 | D        | Killed a dire flail of draining
  2704 | D        | Killed a battleaxe of flaming
  2711 | D        | Killed a trident of venom
  2711 | D        | Reached XP level 12. HP: 57/132 MP: 18/18
  2898 | D        | Found Pump's Distillery.
  2898 | D        | Found Ocsok's Jewellery Shop.
  2898 | D        | Found Juedghit's Magic Scroll Shoppe.
  2898 | D        | Found Foiplaba's Antique Armour Boutique.
  2898 | D        | Found Kalo's Antique Armour Emporium.
  2898 | D        | Found Yxuerir's Antique Weapon Shop.
  2898 | D        | Found Ecsihaat's Assorted Antiques.
  2898 | D        | Found Puup's General Store.
  2899 | D        | Found Veemo's Weapon Boutique.
  2899 | D        | Found Ezae's Gadget Shoppe.
  2899 | D        | Found Sacyfoskur's Book Shop.
  2899 | D        | Found Hidoobb's Food Emporium.
  2934 | D        | Bought a potion of degeneration for 10 gold pieces
  2942 | D        | Bought a potion of berserk rage for 90 gold pieces
  2967 | D        | Reached skill level 19 in Unarmed Combat
  3409 | D        | Bought a wand of acid (13) for 510 gold pieces
  3477 | D        | Noticed a deep elf high priest
  3481 | D        | Noticed a deep elf death mage
  3482 | D        | Noticed a deep elf demonologist
  3482 | D        | Noticed a deep elf demonologist
  3482 | D        | Noticed a deep elf master archer
  3482 | D        | Noticed a deep elf demonologist
  3483 | D        | Noticed a Tzitzimitl
  3485 | D        | Killed a deep elf high priest
  3485 | D        | Reached skill level 20 in Unarmed Combat
  3491 | D        | Noticed a hell beast
  3492 | D        | Killed a deep elf death mage
  3492 | D        | Shot with an arrow by a deep elf master archer

Skill      XL: |  1  2  3  4  5  6  7  8  9 10 11 12 |
---------------+-------------------------------------+-----
Unarmed Combat | 6 7 11 14 15 17 18 20 | 20.3
Conjurations   | 2 4 |  4.5
Air Magic      | 2 4 |  4.0
Poison Magic   | 2 4 |  4.4
Fighting       | 3 5 8 11 12 | 12.2
Spellcasting   | 3 4 |  4.8
Fire Magic     | 3 |  3.1
Translocations | 1 |  1.2
Dodging        | 6 |  6.7
Shields        | 9 |  9.9
Stealth        | |  1.0
Summonings     | |  0.6

Action                   |  1- 3 |  4- 6 |  7- 9 | 10-12 || total
-------------------------+-------+-------+-------+-------++-------
Melee: Unarmed           |    18 |     6 |   106 |   252 ||   382
       Punch             |     2 |       |     6 |    10 ||    18
 Cast: Mephitic Cloud    |       |     1 |    17 |    17 ||    35
       Conjure Flame     |       |       |     8 |    12 ||    20
       Blink             |       |       |     2 |     8 ||    10
Invok: Call Merchant     |       |       |       |     7 ||     7
  Use: Potion            |     1 |       |       |     6 ||     7
       Scroll            |       |       |       |     1 ||     1
 Stab: Confused          |       |       |     7 |     7 ||    14
  Eat: Chunk             |     3 |       |       |       ||     3
       Ration            |       |       |     2 |     7 ||     9
Armor: Robe              |     3 |       |    13 |    22 ||    38
Dodge: Dodged            |     9 |     1 |    14 |    45 ||    69
Block: Shield            |       |       |       |    50 ||    50
       Reflection        |       |       |       |     1 ||     1
